 Dungeon Crawl Stone Soup version 0.31-a0-229-g1fc7ce93e2 (webtiles) character file.

Game seed: 14800492936206706992

64 qw the Shooter (level 4, -3/26 HPs)
             Began as a Gargoyle Hexslinger on July 6, 2023.
             Slain by an orc
             ... wielding a +0 flail
              (6 damage)
             ... on level 1 of the Dungeon.
             The game lasted 00:00:24 (885 turns).

qw the Shooter (Gargoyle Hexslinger)                 Turns: 885, Time: 00:00:24

Health: -3/26      AC:  7    Str: 12    XL:     4   Next: 12%
Magic:  5/5        EV: 11    Int: 13    God:
Gold:   54         SH:  0    Dex: 14    Spells: 4/5 levels left

rFire   . . .        Y - +1 sling
rCold   . . .        (no shield)
rNeg    + . .        e - +0 leather armour
rPois   inf          (no helmet)
rElec   +            k - +0 cloak
rCorr   .            (no gloves)
SInv    .            (no boots)
Will    .....        (no amulet)
Stlth   +            (no ring)
HPRegen 0.24/turn    (no ring)
MPRegen 0.09/turn

%: no passive effects
@: about to teleport
A: sickness immunity, AC +3, negative energy resistance 1, electricity
resistance, torment resistance 1, petrification resistance
a: no special abilities


You were on level 1 of the Dungeon.
You visited 1 branch of the dungeon, and saw 2 of its levels.

You collected 54 gold pieces.


Innate Abilities, Weirdness & Mutations

You are immune to sickness and miasma.
Your stone body is resilient. (AC +3)
You are immune to poison.
You resist negative energy. (rN+)
You are resistant to electric shocks. (rElec)
You are resistant to unholy torment.
You are immune to petrification.


   Skills:
 - Level 2.0 Fighting
 + Level 3.9 Ranged Weapons
 - Level 1.5 Dodging
 - Level 1.0 Spellcasting
 - Level 2.6 Hexes


You had 4 spell levels left.
You knew the following spells:

 Your Spells              Type           Power      Damage    Failure   Level
a - Slow                  Hex            28%        N/A       12%         1

Your spell library contained the following spells:

 Spells                   Type           Power      Damage    Failure   Level
 Inner Flame              Hex/Fire       4%         N/A       52%         3
 Portal Projectile        Hex/Tloc       8%         N/A       52%         3
 Cause Fear               Hex            3%         N/A       75%         4

Inventory:

Hand Weapons
 Y - a +1 sling (weapon)
Armour
 e - a +0 leather armour (worn)
 k - a +0 cloak (worn)
Potions
 f - a potion of curing {unknown}
 g - a potion of attraction {unknown}
 j - a potion of degeneration {unknown}
 l - a potion of enlightenment {unknown}

Dungeon Overview and Level Annotations

Branches:
Dungeon (2/15)

Altars:


Message History

You shoot a sling bullet.
The sling bullet barely misses the orc wizard.
The orc barely misses you.
The orc wizard hits you but does no damage.
A giant cockroach comes into view.
The orc hits you with a +0 flail. The orc barely misses you.
The orc wizard hits you but does no damage.
877 ||| STAIRDANCE The orc hits you but does no damage.
The orc closely misses you.
The orc wizard hits you with a +0 dagger.
You climb upwards.
There is a stone staircase leading down here.
Enter note:
Enter note:
Enter note: You shoot a sling bullet.
The sling bullet hits the orc wizard.
You kill the orc wizard!
The orc hits you but does no damage.
You have reached level 4!
You feel stronger.
You shoot a sling bullet. The sling bullet hits the orc.
The orc is moderately wounded.
The orc hits you with a +0 hand axe. The orc hits you with a +0 flail.
You shoot a sling bullet.
The sling bullet hits the orc but does no damage.
The orc is moderately wounded.
The orc hits you with a +0 hand axe. The orc hits you with a +0 flail.
You shoot a sling bullet. The sling bullet hits the orc.
The orc is heavily wounded.
The orc closely misses you. x2
You shoot a sling bullet. The sling bullet hits the orc.
You kill the orc!
The orc barely misses you. The orc completely misses you.
You shoot a sling bullet. The sling bullet hits the orc.
The orc is almost dead.
The orc hits you with a +0 flail!
885 ||| READING scroll of teleportation.
As you read the scroll of teleportation, it crumbles to dust.
You feel strangely unstable. The orc hits you with a +0 flail.
You die...

.......##.....##.##....# #####...
##.....##.....##.##..#.# #...
.......##.....##.##..#.### #...
.##....###...###.###.....### ###.
.##....#######[......).....# #.
..........# #.............#####.
###.......####)(.................
###..........#o###.#'#...######
## #...)......#@# #.#.....#
.####.........##)###.###...#
....>.........##.....# #####
..............########
.....#####.....# .......# #####.#
.....#.# #.# .....#.#######.#
..##.#.........#


You could see an orc.

Vanquished Creatures
  An orc wizard (D:1)
  A dart slug (D:1)
  An orc (D:1)
  8 bats (D:1)
  2 endoplasms (D:1)
  2 giant cockroaches (D:1)
  5 goblins (D:1)
  4 jackals (D:1)
  A quokka (D:1)
  A ball python (D:1)
  A frilled lizard (D:1)
  5 kobolds (D:1)
  A rat (D:1)
33 creatures vanquished.

Notes
Turn   | Place    | Note
-------+----------+-------------------------------------------
     0 | D:1      | qw the Gargoyle Hexslinger began the quest for the Orb.
     0 | D:1      | Reached XP level 1. HP: 12/12 MP: 2/2
     0 | D:1      | 0 ||| qw: Version: 0.3-a-46-gb1f654a
     0 | D:1      | 0 ||| qw: Game counter: 1692
     0 | D:1      | 0 ||| qw: Melee chars always use a shield: true
     0 | D:1      | 0 ||| qw: God list: Okawaru
     0 | D:1      | 0 ||| qw: Allow faded altars: false
     0 | D:1      | 0 ||| qw: Do Orc after clearing Dungeon:15 true
     0 | D:1      | 0 ||| qw: Do second Lair branch before Depths: true
     0 | D:1      | 0 ||| qw: Lair rune preference: random
     0 | D:1      | 0 ||| qw: Goals: Normal
     0 | D:1      | 0 ||| PLANNING D:1-11
   103 | D:1      | Reached XP level 2. HP: 15/16 MP: 3/3
   119 | D:1      | Reached skill level 3 in Ranged Weapons
   223 | D:1      | Reached XP level 3. HP: 21/21 MP: 4/4
   442 | D:1      | Found a faded altar of an unknown god.
   817 | D:1      | 817 ||| UPGRADING to +0 leather armour.
   827 | D:1      | 827 ||| DROPPING +0 robe.
   828 | D:1      | 828 ||| UPGRADING to +0 cloak.
   833 | D:1      | 833 ||| READING scroll labelled QARRUEQ FAMOCOMA.
   834 | D:1      | 834 ||| READING 2 scrolls labelled CIWKIU OTEYLLI.
   837 | D:1      | 837 ||| READING scroll labelled QIUTAALAECS.
   838 | D:1      | 838 ||| DROPPING scroll of poison.
   877 | D:2      | 877 ||| STAIRDANCE
   880 | D:1      | Reached XP level 4. HP: 20/26 MP: 5/5
   884 | D:1      | HP: 3/26 [orc/+0 flail (8)]
   885 | D:1      | 885 ||| READING scroll of teleportation.
   885 | D:1      | Slain by an orc

Levels and vault maps discovered:
D:1:      noname_arrival_rooms_in_the_neighbourhood, layout_basic,
          basic_ecumenical_altar, minmay_pentomino_u2
D:2:      layout_basic, serial_forest, infiniplex_forest_lined_3_way,
          infiniplex_forest_3_way, infiniplex_forest_straight_1,
          infiniplex_forest_lined_room_, basic_altar, minmay_box_of_dots

Skill      XL: |  1  2 |
---------------+-------+-----
Ranged Weapons | 3 |  3.9
Fighting       | 2 |  2.0
Dodging        | |  1.5
Spellcasting   | |  1.0
Hexes          | |  2.6

Action                     |  1- 3 |  4- 6 || total
---------------------------+-------+-------++-------
   Fire: Sling             |   103 |     5 ||   108
    Use: Scroll            |     3 |     1 ||     4
 Armour: Robe              |    15 |       ||    15
         Leather armour    |     5 |       ||     5
  Dodge: Dodged            |    33 |     4 ||    37

Table legend:
 A = Non-vault XP
 B = Vault XP
 C = Vault XP percentage of total XP
 D = Non-vault monster count
 E = Vault monster count
 F = Vault count percentage of total count
                 A         B        C        D         E       F
            +---------+---------+-------+---------+---------+-------
      Total |      90 |       2 |   2.2 |      31 |       2 |   6.1
            +---------+---------+-------+---------+---------+-------
        D:1 |      90 |       2 |   2.2 |      31 |       2 |   6.1
            +---------+---------+-------+---------+---------+-------
